 Dungeon Crawl Stone Soup version 0.27.1-34-g3ba077fa99 (webtiles) character file.

Game seed: 7976939242206027493

1527 pkoi the Destroyer (level 8, -2/57 HPs)
             Began as a White Draconian Conjurer on Jan 27, 2022.
             Slain by a boulder beetle (28 damage)
             ... on level 6 of the Dungeon.
             The game lasted 00:09:05 (8875 turns).

pkoi the Destroyer (White Draconian Conjurer)       Turns: 8875, Time: 00:09:05

Health: -2/57      AC:  9    Str: 10    XL:     8   Next: 55%
Magic:  16/16      EV: 12    Int: 20    God:
Gold:   310        SH:  0    Dex: 10    Spells: 15/18 levels left

rFire    . . .     SeeInvis .   q - +2 dagger (venom)
rCold    + . .     Faith    .   (no shield)
rNeg     . . .     Spirit   .   (armour unavailable)
rPois    +         Reflect  .   (helmet restricted)
rElec    .         Harm     .   n - +0 cloak
rCorr    .         Rampage  .   f - +1 pair of gloves
Will     .....                  (no boots)
Stlth    ++........             (no amulet)
HPRegen  0.19/turn              l - ring of poison resistance
MPRegen  0.15/turn              (no ring)

@: no status effects
A: breathe frost, AC +6, unfitting armour, cold resistance 1, cold-blooded
a: Breathe Frost


You were on level 6 of the Dungeon.
You visited 2 branches of the dungeon, and saw 8 of its levels.

You collected 473 gold pieces.
You spent 163 gold pieces at shops.

Inventory:

Hand Weapons
 a - a +0 club
 p - a +1 rapier of holy wrath
 q - a +2 dagger of venom (weapon)
Missiles
 i - 14 poisoned darts
Armour
 f - a +1 pair of gloves (worn)
 n - a +0 cloak (worn)
Jewellery
 l - a ring of poison resistance (left hand)
Wands
 o - a wand of polymorph (6)
Scrolls
 b - a scroll of enchant weapon
 d - 2 scrolls of vulnerability
 h - 2 scrolls of identify
 j - a scroll of blinking
 s - a scroll of teleportation
Potions
 c - a potion of flight
 e - a potion of ambrosia
 g - 4 potions of curing
 k - a potion of lignification
 m - 2 potions of heal wounds
 r - a potion of cancellation
 t - 2 potions of mutation {unknown}


   Skills:
 - Level 1.7 Dodging
 - Level 1.7 Stealth
 + Level 5.9 Spellcasting
 * Level 9.7 Conjurations


You had 15 spell levels left.
You knew the following spells:

 Your Spells              Type           Power      Damage    Failure   Level
a - Magic Dart            Conj           100%       1d8       1%          1
b - Searing Ray           Conj           88%        3d6       1%          2

Your spell library contained the following spells:

 Spells                   Type           Power      Damage    Failure   Level
 Dazzling Flash           Conj/Hex       50%        N/A       4%          3
 Animate Skeleton         Necr           10%        N/A       11%         1
 Pain                     Necr           20%        1d5       11%         1
 Summon Small Mammal      Summ           20%        N/A       11%         1
 Fulminant Prism          Conj/Hex       12%        3d9       14%         4
 Iskenderun's Mystic Bla  Conj/Tloc      25%        2d7       14%         4
 Call Canine Familiar     Summ           5%         N/A       32%         3
 Summon Guardian Golem    Hex/Summ       5%         N/A       32%         3
 Vampiric Draining        Necr           2%         2d6       32%         3


Dungeon Overview and Level Annotations

Branches:
Dungeon (7/15)             Temple (1/1) D:5

Altars:
Ashenzari
Cheibriados
Dithmenos
Fedhas
Hepliaklqana
Makhleb
Nemelex Xobeh
Qazlal
Ru
Trog
Uskayaw
Wu Jian
Xom
Zin
The Shining One
Beogh

Shops:
D:5 ?[![=   D:7 *


Innate Abilities, Weirdness & Mutations

You can breathe waves of freezing cold which knock back foes.
Your icy white scales are hard. (AC +6)
You cannot fit into any form of body armour.
Your flesh is cold resistant. (rC+)
You are cold-blooded and may be slowed by cold attacks.


Message History

The electric eel is almost dead.
The electric eel shoots out a bolt of lightning at you!
The bolt of electricity hits you!
* * * LOW HITPOINT WARNING * * *
The searing ray hits the electric eel!
You kill the electric eel!
You finish channeling your searing ray.
You start resting.
Magic restored.
You start resting.
An ice beast is nearby!
An ice beast is nearby!
An ice beast is nearby!
You are too injured to fight recklessly!
Casting: Searing Ray (safe; 1% risk of failure)
Confirm with . or Enter, or press ? or * to list all spells.
Okay, then.
Casting: Searing Ray (safe; 1% risk of failure)
Confirm with . or Enter, or press ? or * to list all spells.
Aiming: Searing Ray (safe; 1% risk of failure)
Press: ? - help, Shift-Dir - straight line, f - ice beast
Aim: an ice beast (82% to hit)
The searing ray hits the ice beast!
The ice beast is moderately wounded. (Press . to maintain the ray.)
The searing ray hits the ice beast!
The ice beast is severely wounded.
The searing ray hits the ice beast!
The ice beast is almost dead.
The searing ray hits the ice beast!
You kill the ice beast!
You finish channeling your searing ray.
You start resting.
Magic restored.
You start resting.
A boulder beetle is nearby!
A boulder beetle is nearby!
The boulder beetle curls into a ball and begins rolling!
The boulder beetle hits you!!
You die...

####............#
##.##..).#........
#........##.......
#....)....#.......
#####......##.#.....##
#####..#.....).#........#.
##..........)..............
#..........................
##........@.<##[........>..
#........B...............#.
##........°..#...##........
###.......°.....##......#.
#......#.....°...........##.
#.##...##.................)#
............#..........[##
#..≈≈≈≈.≈≈≈≈≈.#...##........
#..≈≈≈≈.≈≈≈≈≈.#...#####.....


You could see a boulder beetle (rolling).

Vanquished Creatures
  A water moccasin (D:5)
  An ice beast (D:6)
  A black bear (D:4)
  A sky beast (D:6)
  2 ogres
  A phantom (D:3)
  A bullfrog (D:7)
  2 scorpions (D:4)
  An electric eel (D:6)
  A centaur skeleton (D:5)
  6 hounds
  A bullfrog skeleton (D:6)
  2 orc priests
  Terence (D:3)
  5 orc wizards
  A howler monkey skeleton (D:6)
  5 adders
  4 gnolls (D:6)
  2 shadow imps (D:6)
  A white imp (D:6)
  An ufetubus (D:4)
  3 adder skeletons (D:2)
  A worm (D:3)
  2 dart slugs
  11 orcs
  4 bats
  A bat zombie (D:2)
  3 endoplasms
  2 giant cockroaches (D:2)
  7 goblins
  7 hobgoblins
  2 jackals (D:5)
  2 quokkas
  9 ball pythons
  A ball python skeleton (D:2)
  2 ball python zombies (D:2)
  4 frilled lizards
  8 kobolds
  A quokka skeleton (D:2)
  3 rats
114 creatures vanquished.

Vanquished Creatures (others)
  A plant (D:5)
1 creature vanquished.

Grand Total: 115 creatures vanquished

Notes
Turn   | Place    | Note
-------+----------+-------------------------------------------
     0 | D:1      | pkoi the Draconian Conjurer began the quest for the Orb.
     0 | D:1      | Reached XP level 1. HP: 14/14 MP: 3/3
   579 | D:1      | Reached XP level 2. HP: 20/20 MP: 1/5
  1706 | D:2      | Learned a level 2 spell: Searing Ray
  1928 | D:2      | Reached XP level 3. HP: 26/26 MP: 2/6
  2304 | D:2      | Found a faded altar of an unknown god.
  2591 | D:2      | Reached skill level 5 in Conjurations
  2842 | D:3      | Reached XP level 4. HP: 27/33 MP: 1/8
  3090 | D:3      | Found a sparkling altar of Nemelex Xobeh.
  3287 | D:3      | Found a stormy altar of Qazlal.
  3287 | D:3      | Found a glowing silver altar of Zin.
  3289 | D:3      | Noticed Terence
  3336 | D:3      | Killed Terence
  3699 | D:3      | Found a snail-covered altar of Cheibriados.
  3880 | D:4      | Noticed a phantom
  3948 | D:3      | Killed a phantom
  3949 | D:3      | Reached skill level 6 in Conjurations
  3949 | D:3      | Reached XP level 5. HP: 22/38 MP: 0/10
  4254 | D:4      | Reached XP level 6. HP: 45/45 MP: 7/11
  4785 | D:4      | Reached skill level 7 in Conjurations
  5141 | D:4      | Your scales start taking on an icy white colour.
  5141 | D:4      | Reached XP level 7. HP: 35/50 MP: 7/13
  5141 | D:4      | Gained mutation: Your flesh is cold resistant. (rC+) [White
                  | Draconian growth]
  5248 | D:4      | Noticed a +0 dagger
  5252 | D:4      | Noticed a +0 dagger
  5253 | D:4      | Found a hide-covered altar of Uskayaw.
  5778 | D:5      | Entered Level 5 of the Dungeon
  5843 | D:5      | Found Jaxiw's Distillery.
  5902 | D:5      | Bought a potion of degeneration for 13 gold pieces
  6000 | D:5      | Found a staircase to the Ecumenical Temple.
  6006 | Temple   | Entered the Ecumenical Temple
  6432 | D:5      | Found Zuawolud's Magic Scroll Boutique.
  6492 | D:5      | Reached skill level 8 in Conjurations
  6583 | D:5      | You fall into a shaft and drop 2 floors!
  6706 | D:7      | Found Onomo's General Store.
  6713 | D:7      | Bought a scroll of blinking for 90 gold pieces
  6713 | D:7      | Bought a potion of heal wounds for 60 gold pieces
  6764 | D:6      | Reached skill level 5 in Spellcasting
  6770 | D:5      | Found Pemid's Armour Boutique.
  6805 | D:5      | Found Orahaec's Jewellery Emporium.
  6942 | D:5      | Reached XP level 8. HP: 57/57 MP: 9/15
  7264 | D:5      | Found Oguloess's Antique Armour Shop.
  7964 | D:5      | Reached skill level 9 in Conjurations
  8190 | D:6      | Noticed a boulder beetle
  8724 | D:6      | Found an ornate altar of the Wu Jian Council.
  8875 | D:6      | Slain by a boulder beetle

Illustrated notes

Levels and vault maps discovered:
D:1:      minmay_arrival_pointy, layout_basic, serial_forest,
          infiniplex_forest_3_way, infiniplex_forest_clump_C,
          infiniplex_forest_lined_room_2, infiniplex_forest_end_double,
          infiniplex_forest_lined_3_way, infiniplex_forest_lined_room_2,
          serial_park_tiny_1
D:2:      layout_loops_cross, chequers_ecumenical_altar_grove, serial_undead,
          serial_undead_c, serial_undead_d, serial_undead_a, serial_undead_d
D:3:      cheibrodos_old_hovel, layout_basic, cheibriados_altar_1,
          nemelex_diamond_rough_becter, jmf_multi_god_temple,
          lemuel_another_geyser, uniq_terence
D:4:      layout_basic, dancing_weapons_uskayaw, kennysheep_orc_chapel
D:5:      layout_layer_cave, minmay_temple_entry_gardened_gates, serial_shops,
          shop, shop, shop, shop_statue, kennysheep_mini
D:6:      layout_cave_pools, nzn_wu_jian_council_hall,
          gammafunk_ghost_nasty_kobolds, minivault_14, amcnicky_mini_pool_medium
D:7:      layout_cave_pods, okawaru_gym_becter, serial_shops, nicolae_shop_stone
Temple:   compressed_dpeg_triangle_lava_temple

Skill      XL: |  1  2  3  4  5  6  7  8 |
---------------+-------------------------+-----
Conjurations   | 5 6 7 8 9 |  9.7
Spellcasting   | 3 4 5 |  5.9
Dodging        | |  1.7
Stealth        | |  1.7

Action                   |  1- 3 |  4- 6 |  7- 9 || total
-------------------------+-------+-------+-------++-------
Melee: Club              |    15 |    17 |       ||    32
       Tailslap          |       |     1 |     1 ||     2
       Rapier            |       |     2 |       ||     2
       Dagger            |       |       |    21 ||    21
 Cast: Magic Dart        |    74 |    59 |    45 ||   178
       Searing Ray       |     2 |    13 |    19 ||    34
  Use: Scroll            |       |       |    12 ||    12
Armor: Skin              |    12 |    14 |    15 ||    41
Dodge: Dodged            |    25 |    36 |    32 ||    93
